 Dungeon Crawl Stone Soup version 0.24-a0-520-g8fd06ad (webtiles) character file.

Game seed: 2385169550086662246

7401 snetch the Fighter (level 10, -9/141 HPs)
             Began as a Minotaur Berserker on July 25, 2019.
             Was a High Priest of Trog.
             Mangled by a cyan ugly thing (17 damage)
             ... on level 11 of the Dungeon.
             The game lasted 00:40:19 (9308 turns).

snetch the Fighter (Minotaur Berserker)             Turns: 9308, Time: 00:40:19

Health: -9/141     AC:  8    Str: 30    XL:     10   Next: 92%
Magic:  9/9        EV: 13    Int:  4    God:    Trog [*****.]
Gold:   618        SH:  0    Dex: 10    Spells: 9/9 levels left

rFire    . . .     SeeInvis .   b - +0 war axe
rCold    . . .     Gourm    .   (no shield)
rNeg     + . .     Faith    .   E - +0 scale mail {rPois}
rPois    +         Spirit   .   (helmet restricted)
rElec    .         Reflect  .   (no cloak)
rCorr    .         Harm     .   (no gloves)
MR       ++...                  (no boots)
Stlth    ..........             (no amulet)
HPRegen  1.33/turn              R - ring of positive energy
MPRegen  0.11/turn              G - ring of flight

@: berserking, regenerating, studying Fighting, very quick
A: retaliatory headbutt, horns 2
a: Berserk, Trog's Hand, Brothers in Arms, Renounce Religion, Evoke Flight


You were on level 11 of the Dungeon.
You worshipped Trog.
Trog was extremely pleased with you.
You were very hungry.

You visited 2 branches of the dungeon, and saw 12 of its levels.

You collected 674 gold pieces.
You spent 56 gold pieces at shops.

Inventory:

Hand Weapons
 a - a +2 quarterstaff of crushing
 b - a +0 war axe (weapon)
 q - a +2 hand axe of freezing
 s - a +1 shortbow of flaming
 J - a +4 dagger of chaos
 M - a +0 whip of freezing
 Y - a +1 vampiric halberd
Missiles
 e - 202 stones
 j - 66 sling bullets
 l - 36 poisoned darts
 n - 2 throwing nets
 t - 187 arrows
 v - 6 javelins
 F - 3 curare-tipped darts
 L - 27 bolts
 X - 6 boomerangs (quivered)
Armour
 m - a +0 plate armour
 w - a +0 buckler of protection
 E - a +0 scale mail of poison resistance (worn)
 T - the +0 scale mail of the Last Suns {Dex+3}
   (You found it on level 7 of the Dungeon)

   It affects your dexterity (+3).
Jewellery
 y - an uncursed ring of ice
 G - a ring of flight (right hand)
 R - a ring of positive energy (left hand)
Wands
 x - a wand of paralysis (10)
 B - a wand of digging (4)
 Q - a wand of enslavement (14)
 U - a wand of acid (12)
Scrolls
 d - 11 scrolls of remove curse
 f - 6 scrolls of teleportation {unknown}
 u - a scroll of enchant armour
 z - 2 scrolls of immolation
 A - 2 scrolls of enchant weapon {unknown}
 I - 2 scrolls of blinking {unknown}
 K - a scroll of fear
 V - a scroll of brand weapon
 W - a scroll of fog
Potions
 g - a potion of flight
 h - 2 potions of might
 i - 4 potions of heal wounds {unknown}
 o - 3 potions of curing {unknown}
 p - 5 potions of lignification {unknown}
 r - 2 potions of ambrosia
 C - a potion of berserk rage
 D - 3 potions of agility
 P - 2 potions of haste
Books
 H - a manual of Fighting
Comestibles
 c - 22 rations


   Skills:
 + Level 10.9 Fighting
 + Level 8.7(10.3) Axes
 + Level 8.9(11.2) Maces & Flails
 + Level 6.9(9.0) Staves
 + Level 2.8 Throwing
 + Level 9.3 Armour
 + Level 6.1 Dodging
 + Level 1.5 Stealth
 + Level 2.4 Shields
 + Level 0.3 Evocations


You had 9 spell levels left.
You didn't know any spells.
Your spell library was empty.

Dungeon Overview and Level Annotations

Branches:
Dungeon (11/15)            Temple (1/1) D:4            Lair (0/6) D:8
    Orc: D:9-12

Altars:
Ashenzari
Cheibriados
Dithmenos
Elyvilon
Fedhas
Gozag
Hepliaklqana
Kikubaaqudgha
Makhleb
Nemelex Xobeh
Okawaru
Qazlal
Ru
Sif Muna
Trog
Uskayaw
Vehumet
Wu Jian
Xom
Yredelemnul
Zin
The Shining One

Shops:
D:7 %   D:9 ?


Innate Abilities, Weirdness & Mutations

You reflexively headbutt those who attack you in melee.
You have a pair of horns on your head.


Message History

Your skin crawls.
You feel resistant to hostile enchantments.
You are feeling hungry.
The centaur shoots an arrow.
The arrow hits you.
* * * LOW HITPOINT WARNING * * *
The cyan ugly thing barely misses you.
The centaur shoots an arrow.
The arrow barely misses you.
A red film seems to cover your vision as you go berserk!
You feel yourself moving faster!
You feel mighty!
You are feeling very hungry.
The centaur shoots an arrow.
The arrow hits you but does no damage. The cyan ugly thing closely misses you.
You slash the cyan ugly thing!
The cyan ugly thing is moderately wounded.
You slash the cyan ugly thing! You headbutt the cyan ugly thing!
The cyan ugly thing is severely wounded.
The cyan ugly thing engulfs you!
* * * LOW HITPOINT WARNING * * *
The cyan ugly thing shocks you!
You die...

...........
...........
..........
..........
.......
....# #..#
#u@# #((#
#..# #..#
#..# #..#
.c.# ....
.....


You could see a cyan ugly thing and a centaur.

Vanquished Creatures
  Harold (D:7)
  Pikel (D:8)
  Joseph (D:7)
  Psyche (D:8)
  3 trolls
  2 hippogriffs
  Sigmund (D:3)
  3 sky beasts
  4 orc warriors (D:9)
  2 black bears
  5 ice beasts
  4 ogres
  4 centaurs
  2 wolves (D:8)
  6 bullfrogs
  A water moccasin skeleton (D:7)
  3 scorpions
  3 killer bees (D:7)
  3 electric eels (D:8)
  A centaur zombie (D:7)
  5 crimson imps
  A bullfrog zombie (D:7)
  3 orc priests
  11 hounds
  2 jellies
  A bullfrog skeleton (D:6)
  2 iguanas (D:6)
  5 orc wizards
  Natasha (thrice) (D:3)
  4 worker ants
  A hound zombie (D:9)
  A hound skeleton (D:8)
  2 worker ant zombies
  7 gnolls
  11 adders
  A howler monkey skeleton (D:8)
  A shadow imp (D:9)
  An adder skeleton (D:5)
  2 worms
  6 dart slugs
  8 leopard geckos
  42 orcs
  3 giant cockroaches
  11 hobgoblins
  14 jackals
  A quokka (D:10)
  8 bats
  4 frilled lizards
  13 goblins
  A jackal skeleton (D:7)
  13 kobolds
  A leopard gecko skeleton (D:5)
  8 rats
248 creatures vanquished.

Vanquished Creatures (collateral kills)
  2 orc warriors (D:9)
  An orc priest (D:9)
  3 orcs (D:9)
6 creatures vanquished.

Grand Total: 254 creatures vanquished

Notes
Turn   | Place    | Note
-------+----------+-------------------------------------------
     0 | D:1      | snetch the Minotaur Berserker began the quest for the Orb.
     0 | D:1      | Reached XP level 1. HP: 19/19 MP: 0/0
   101 | D:2      | Reached XP level 2. HP: 8/27 MP: 1/1
   356 | D:2      | Reached skill level 4 in Fighting
   504 | D:1      | Reached XP level 3. HP: 30/33 MP: 2/2
   524 | D:1      | Reached ** piety under Trog
   565 | D:1      | HP: 2/49 [hobgoblin (4)]
  1368 | D:2      | Reached XP level 4. HP: 39/41 MP: 3/3
  1406 | D:2      | Reached skill level 5 in Axes
  1908 | D:3      | Reached *** piety under Trog
  2103 | D:3      | Noticed Natasha
  2107 | D:3      | Killed Natasha
  2107 | D:3      | Reached XP level 5. HP: 43/47 MP: 4/4
  2532 | D:4      | Reached skill level 5 in Fighting
  2584 | D:3      | Noticed Natasha
  2590 | D:3      | Killed Natasha
  2598 | D:3      | Noticed Sigmund
  2650 | D:3      | Killed Sigmund
  2650 | D:3      | Reached skill level 1 in Maces & Flails
  2650 | D:3      | Reached skill level 1 in Throwing
  2650 | D:3      | Reached XP level 6. HP: 8/56 MP: 5/5
  2762 | D:3      | Found an ornate altar of the Wu Jian Council.
  2767 | D:3      | Noticed Natasha
  2783 | D:3      | Killed Natasha
  2940 | D:4      | Found a staircase to the Ecumenical Temple.
  3278 | D:5      | Entered Level 5 of the Dungeon
  3630 | D:4      | Reached XP level 7. HP: 57/61 MP: 6/6
  3737 | Temple   | Entered the Ecumenical Temple
  4063 | D:5      | Reached **** piety under Trog
  4153 | D:5      | Reached skill level 5 in Armour
  4546 | D:5      | Found a radiant altar of Vehumet.
  4546 | D:5      | Found a glowing golden altar of the Shining One.
  4547 | D:5      | Found a glowing silver altar of Zin.
  4549 | D:5      | Found a burning altar of Makhleb.
  4549 | D:5      | Found a snail-covered altar of Cheibriados.
  4603 | D:5      | Reached XP level 8. HP: 59/70 MP: 7/7
  5084 | D:7      | Received a gift from Trog
  5324 | D:6      | Reached skill level 6 in Fighting
  5327 | D:6      | Reached skill level 5 in Maces & Flails
  5624 | D:6      | Reached skill level 1 in Stealth
  5671 | D:6      | Reached skill level 1 in Shields
  5717 | D:7      | Noticed Joseph
  5734 | D:7      | Killed Joseph
  5734 | D:7      | Reached skill level 7 in Fighting
  5734 | D:7      | Reached XP level 9. HP: 39/79 MP: 8/8
  5789 | D:7      | Found Ysebol's Food Emporium.
  6086 | D:7      | Noticed Harold
  6099 | D:7      | Killed Harold
  6099 | D:7      | Reached skill level 5 in Dodging
  6149 | D:7      | Reached skill level 8 in Fighting
  6256 | D:7      | Got a distressingly furry scale mail
  6267 | D:7      | Identified the cursed +0 scale mail of the Last Suns
                  | {Dex+3} (You found it on level 7 of the Dungeon)
  6636 | D:8      | Reached skill level 1 in Staves
  6669 | D:8      | Noticed Psyche
  6676 | D:8      | Killed Psyche
  6676 | D:8      | Reached XP level 10. HP: 74/90 MP: 9/9
  6896 | D:8      | Noticed Pikel
  6992 | D:8      | Reached skill level 9 in Fighting
  7347 | D:8      | Reached skill level 5 in Staves
  7393 | D:8      | Found a staircase to the Lair.
  7518 | D:8      | Killed Pikel
  7571 | D:9      | Reached skill level 10 in Fighting
  7592 | D:9      | Reached ***** piety under Trog
  7780 | D:9      | Found Yjiceced's Magic Scroll Boutique.
  7850 | D:9      | Bought a scroll of identify for 28 gold pieces
  7850 | D:9      | Bought a scroll of identify for 28 gold pieces
  8172 | D:10     | Entered Level 10 of the Dungeon
  8990 | D:11     | Noticed a cyan ugly thing
  9308 | D:11     | Mangled by a cyan ugly thing

Levels and vault maps discovered:
D:1:      minmay_arrival_arboretum_small, layout_basic,
          chequers_serial_rivers_micro_a, minmay_misc_feat_ornament,
          minmay_misc_feat_pillars, minmay_small_reverse_x
D:2:      layout_loops_ring, kennysheep_generic_room_9
D:3:      layout_rooms, nicolae_overflow_crystal_walls, first_ration,
          uniq_sigmund, uniq_natasha
D:4:      layout_basic, minmay_temple_entry_trees
D:5:      layout_basic, grunt_temple_overflow_open, serial_rivers,
          chequers_serial_rivers_large_a, chequers_serial_rivers_room_b,
          chequers_serial_rivers_micro_d, chequers_serial_rivers_micro_b
D:6:      layout_loops_ring, minmay_manual_monstrance
D:7:      layout_basic, serial_shops, shop, uniq_harold, uniq_joseph
D:8:      layout_cave_pools, erik_lair_island, uniq_psyche, uniq_pikel
D:9:      layout_gridville, serial_shops, shop, special_room [special_room_orc]
D:10:     layout_irregular_city, serial_shops, shop, grunt_ogre_cave,
          nemelex_xobeh_ov_fountains_minmay
D:11:     minmay_the_grid_octo_tiled_squarecenter [minmay_the_grid_octo_focus,
          minmay_the_grid_octo_thin_diamonds, minmay_the_grid_octo_shrine,
          minmay_the_grid_octo_concentric,
          minmay_the_grid_square_5x5_megaprize_open,
          minmay_the_grid_square_5x5_spiral, minmay_the_grid_square_5x5_eight,
          minmay_the_grid_square_5x5_forky,
          minmay_the_grid_square_5x5_eight_small], layout_irregular_city,
          orc_0_dummy, doesnt_xom_only_xom
Temple:   nicolae_temple_x_marks_the_god

Skill      XL: |  1  2  3  4  5  6  7  8  9 10 |
---------------+-------------------------------+-----
Axes           | 4 5 6 8 |  8.7
Fighting       | 4 5 7 8 10 | 10.9
Dodging        | 3 4 5 6 |  6.1
Armour         | 3 4 5 7 8 9 |  9.3
Maces & Flails | 1 4 7 8 |  8.9
Throwing       | 1 2 |  2.8
Stealth        | 1 |  1.5
Shields        | 1 2 |  2.4
Staves         | 2 6 |  6.9
Evocations     | |  0.3

Action                   |  1- 3 |  4- 6 |  7- 9 | 10-12 || total
-------------------------+-------+-------+-------+-------++-------
Melee: Hand axe          |    98 |    75 |       |       ||   173
       Headbutt          |    14 |    24 |    55 |    34 ||   127
       Flail             |       |    52 |   139 |       ||   191
       Quarterstaff      |       |       |    49 |    83 ||   132
       War axe           |       |       |    36 |    98 ||   134
Throw: Stone             |     8 |    18 |     8 |       ||    34
       Javelin           |       |       |     6 |       ||     6
       Dart              |       |       |     2 |     1 ||     3
       Boomerang         |       |       |       |     3 ||     3
       Throwing net      |       |       |       |     2 ||     2
Invok: Berserk           |     1 |     2 |     1 |     2 ||     6
       Trog's Hand       |       |     2 |     3 |     3 ||     8
       Brothers in Arms  |       |       |       |     2 ||     2
 Abil: Evoke Flight      |       |       |     1 |       ||     1
  Use: Scroll            |       |       |     1 |    14 ||    15
 Stab: Held in net/web   |       |       |       |     1 ||     1
  Eat: Chunk             |     3 |     8 |    10 |    11 ||    32
       Ration            |       |       |     1 |       ||     1
Armor: Animal skin       |    18 |     2 |       |       ||    20
       Leather armour    |       |     5 |       |       ||     5
       Scale mail        |       |    16 |    95 |    63 ||   174
       Ring mail         |       |     2 |       |       ||     2
Dodge: Dodged            |    66 |    94 |   138 |   167 ||   465
Block: Buckler           |       |       |    33 |       ||    33

Table legend:
 A = Non-vault XP
 B = Vault XP
 C = Vault XP percentage of total XP
 D = Non-vault monster count
 E = Vault monster count
 F = Vault count percentage of total count
                 A         B        C        D         E       F
            +---------+---------+-------+---------+---------+-------
      Total |    6236 |    4338 |  41.0 |     206 |      48 |  18.9
            +---------+---------+-------+---------+---------+-------
        D:1 |      65 |       4 |   5.8 |      33 |       4 |  10.8
        D:2 |      92 |       0 |   0.0 |      26 |       0 |   0.0
        D:3 |     173 |     258 |  59.9 |      32 |       2 |   5.9
        D:4 |     106 |       0 |   0.0 |       7 |       0 |   0.0
        D:5 |     566 |       0 |   0.0 |      19 |       0 |   0.0
        D:6 |     970 |     268 |  21.6 |      14 |       3 |  17.6
        D:7 |    1162 |    1389 |  54.4 |      20 |       2 |   9.1
        D:8 |    1001 |    1823 |  64.6 |      19 |      10 |  34.5
        D:9 |    1587 |     475 |  23.0 |      27 |      26 |  49.1
       D:10 |     464 |     121 |  20.7 |       8 |       1 |  11.1
       D:11 |      50 |       0 |   0.0 |       1 |       0 |   0.0
            +---------+---------+-------+---------+---------+-------
